 Dungeon Crawl Stone Soup version 0.29-a0-322-g68df515428 (webtiles) character file.

Game seed: 8624337020409633095

144 HotDog the Covered (level 5, -6/33 HPs)
             Began as a Gargoyle Fighter on Apr 6, 2022.
             Killed by divine providence
             ... invoked by an orc priest
              (14 damage)
             ... on level 3 of the Dungeon.
             The game lasted 00:06:08 (3396 turns).

HotDog the Covered (Gargoyle Fighter)               Turns: 3396, Time: 00:06:09

Health: -6/33      AC: 11    Str: 21    XL:     5   Next: 26%
Magic:  6/6        EV: 24    Int:  9    God:
Gold:   224        SH:  4    Dex:  9    Spells: 4/4 levels left

rFire   . . .      SeeInvis .   a - +1 flail
rCold   . . .      Faith    .   c - +0 buckler
rNeg    + . .      Spirit   .   b - +0 scale mail
rPois   ∞          Reflect  .   (no helmet)
rElec   +          Harm     .   (no cloak)
rCorr   .          Rampage  .   (no gloves)
Will    .....                   (no boots)
Stlth   ..........              p - amulet of the acrobat
HPRegen 0.11/turn               (no ring)
MPRegen 0.10/turn               (no ring)

@: acrobatic
A: sickness immunity, AC +4, negative energy resistance 1, electricity
resistance, torment resistance 1, petrification resistance
a: no special abilities


You were on level 3 of the Dungeon.
You visited 1 branch of the dungeon, and saw 3 of its levels.

You collected 224 gold pieces.

Inventory:

Hand Weapons
 a - a +1 flail (weapon)
Armour
 b - a +0 scale mail (worn)
 c - a +0 buckler (worn)
Jewellery
 l - a ring of wizardry
 p - an amulet of the acrobat (around neck)
Scrolls
 e - a scroll of immolation {unknown}
 g - a scroll of vulnerability
 h - a scroll of enchant weapon
 j - 2 scrolls of identify
 n - a scroll of amnesia {unknown}
 q - 2 scrolls of teleportation {unknown}
Potions
 d - a potion of might
 f - a potion of berserk rage {unknown}
 i - a potion of lignification {unknown}
 k - a potion of curing {unknown}
 m - a potion of heal wounds {unknown}
 o - 2 potions of haste {unknown}
 r - a potion of mutation {unknown}
 s - a potion of brilliance {unknown}


   Skills:
 * Level 3.9 Fighting
 * Level 3.1 Maces & Flails
 * Level 4.2 Armour
 * Level 0.8 Dodging
 * Level 3.8 Shields
 * Level 1.3 Invocations


You had 4 spell levels left.
You didn't know any spells.
Your spell library was empty.

Dungeon Overview and Level Annotations

Branches:
Dungeon (3/15)

Altars:
Dithmenos


Innate Abilities, Weirdness & Mutations

You are immune to sickness and miasma.
Your stone body is resilient. (AC +4)
You are immune to poison.
You resist negative energy. (rN+)
You are resistant to electric shocks. (rElec)
You are resistant to unholy torment.
You are immune to petrification.


Message History

The orc shouts!
An orc priest comes into view. It is wielding a +0 flail.
Found an encrusted diamond ring.
The orc priest shouts!
You sock the adder!
The adder is almost dead.
The adder barely misses you. The adder bites you.
You closely miss the adder.
The adder is almost dead.
The adder barely misses you.
You barely miss the adder.
The adder is almost dead.
The adder bites you but does no damage. The orc hits you but does no damage.
You block the adder's attack.
The orc priest looks braver for a moment.
You hit the adder.
You kill the adder!
The orc hits you but does no damage. The orc closely misses you.
The orc misses you.
You barely miss the orc.
The orc hits you with a +0 short sword. x2
You hit the orc priest.
The orc priest is moderately wounded.
The orc closely misses you.
The orc priest hits you with a +0 flail.
The orc hits you but does no damage.
You hit the orc priest.
The orc priest is heavily wounded.
You block the orc's attack. x2
The orc priest calls down the wrath of Beogh upon you.
Beogh smites you!
* * * LOW HITPOINT WARNING * * *
The orc hits you but does no damage. x2
The orc priest hits you with a +0 flail.
* * * LOW HITPOINT WARNING * * *
The orc attacks as you move away! You block the orc's attack.
The orc priest attacks as you move away!
The orc priest closely misses you.
The orc priest calls down the wrath of Beogh upon you.
Beogh smites you!
You die...

#....##.# ##.....######.....
#....##.# ###....#.........
####.##.# ##..............
##.##.#######........##.....
#..##......#.(.............#
#.###.................###...
#.###......#....o.....# ####
##.##..######..........####
##..#..###..<@oo..............
#..##<## ######...............
####.###.# #..........###...
#........# #..........# ..
#.......## #..........# ##
#<......# #..........#
#.......# #....).....#
#>......# ##........##
######### ##......##


You could see an orc priest and 2 orcs.

Vanquished Creatures
  An orc priest (D:3)
  4 adders
  A worm (D:2)
  3 dart slugs
  4 orcs (D:3)
  3 bats (D:1)
  2 endoplasms
  4 giant cockroaches
  6 goblins
  3 hobgoblins (D:2)
  8 quokkas
  6 ball pythons
  6 frilled lizards
  8 kobolds
  8 rats
67 creatures vanquished.

Notes
Turn   | Place    | Note
-------+----------+-------------------------------------------
     0 | D:1      | HotDog the Gargoyle Fighter began the quest for the Orb.
     0 | D:1      | Reached XP level 1. HP: 14/14 MP: 1/1
   201 | D:1      | Reached XP level 2. HP: 18/19 MP: 2/2
   370 | D:1      | Found a faded altar of an unknown god.
   578 | D:1      | Reached XP level 3. HP: 17/23 MP: 3/3
  2074 | D:2      | Reached skill level 4 in Armour
  2074 | D:2      | Reached XP level 4. HP: 29/29 MP: 4/4
  2214 | D:2      | Reached skill level 1 in Invocations
  2230 | D:2      | Found a shadowy altar of Dithmenos.
  2718 | D:3      | Reached XP level 5. HP: 15/33 MP: 5/5
  3396 | D:3      | Killed from afar by an orc priest

Illustrated notes

Levels and vault maps discovered:
D:1:      sevenhm_arrival_forest_fort_small_3, layout_basic,
          dreamdust_ecumenical_altar_statues
D:2:      layout_rooms, basic_altar
D:3:      layout_rooms, amcnicky_mini_pool_small

Skill      XL: |  1  2  3  4 |
---------------+-------------+-----
Armour         | 4 |  4.2
Invocations    | 1 |  1.3
Maces & Flails | 3 |  3.1
Fighting       | |  3.9
Dodging        | |  0.8
Shields        | |  3.8

Action                   |  1- 3 |  4- 6 || total
-------------------------+-------+-------++-------
Melee: Flail             |   160 |   102 ||   262
  Use: Scroll            |       |     3 ||     3
Armor: Scale mail        |   123 |    58 ||   181
Dodge: Dodged            |    95 |    57 ||   152
Block: Buckler           |    60 |    30 ||    90

Table legend: (Time is in decaauts)
 A = Elapsed time spent in this place.
 B = Non-inter-level travel time spent in this place.
 C = Inter-level travel time spent in this place.
 D = Time resting spent in this place.
 E = Time spent auto-exploring this place.
 F = Levels seen in this place.
 G = Mean time per level.
                   A        B        C        D        E       F      G
               +--------+--------+--------+--------+--------+-----+--------+
         Total |   3480 |   3470 |     10 |   1328 |   1387 |   3 | 1160.0 |
       Dungeon |   3480 |   3470 |     10 |   1328 |   1387 |   3 | 1160.0 |
               +--------+--------+--------+--------+--------+-----+--------+

Top non-repeatable levels by time:
     D:1: 1876 daAuts
     D:2: 1099 daAuts
     D:3: 503 daAuts
